 Dungeon Crawl Stone Soup version 0.28-a0-1594-ga885d4b3d6 (webtiles) character file.

Game seed: 423779278071903387

275 voltaire321 the Ducker (level 6, -4/46 HPs)
             Began as a Djinni Gladiator on Jan 20, 2022.
             Slain by an orc (15 damage)
             ... on level 3 of the Dungeon.
             The game lasted 00:05:56 (3136 turns).

voltaire321 the Ducker (Djinni Gladiator)           Turns: 3136, Time: 00:05:57

Health: -4/46      AC:  4    Str: 13    XL:     6   Next: 49%
Gold:   99         EV: 13    Int: 11    God:
                   SH:  0    Dex: 15

rFire   + + .      SeeInvis .   a - +0 long sword
rCold   x . .      Faith    .   (no shield)
rNeg    . . .      Spirit   .   b - +0 leather armour
rPois   ∞          Reflect  .   c - +0 helmet
rElec   .          Harm     .   (no cloak)
rCorr   .          Rampage  .   (no gloves)
Will    .....                   (boots unavailable)
Stlth   +.........              (no amulet)
HPRegen 0.15/turn               (no ring)
MPRegen 0.00/turn               (no ring)

@: flying, very slightly contaminated
A: sickness immunity, fire resistance 2, cold vulnerability 1, float, innate
caster, hp casting, extra vitality 1
a: no special abilities


You were on level 3 of the Dungeon.
You visited 1 branch of the dungeon, and saw 3 of its levels.

You collected 99 gold pieces.

Inventory:

Hand Weapons
 a - a +0 long sword (weapon)
Missiles
 d - 3 throwing nets (quivered)
Armour
 b - a +0 leather armour (worn)
 c - a +0 helmet (worn)
Scrolls
 e - 2 scrolls of identify {unknown}
 f - 2 scrolls of enchant weapon {unknown}
 h - a scroll of brand weapon {unknown}
 l - a scroll of fog {unknown}
 m - a scroll of holy word {unknown}
 n - a scroll of teleportation {unknown}
 o - a scroll of immolation {unknown}
Potions
 g - 2 potions of lignification {unknown}
 i - 2 potions of ambrosia {unknown}
 j - a potion of curing {unknown}
 k - 2 potions of flight {unknown}


   Skills:
 + Level 3.5 Fighting
 + Level 3.8 Long Blades
 - Level 1.5 Throwing
 + Level 4.6 Dodging
 + Level 2.0 Spellcasting


You had 6 spell levels left.
You knew the following spells:

 Your Spells              Type           Power      Damage    Failure   Level
a - Foxfire               Conj/Fire      20%        2x1d5     16%         1
b - Passwall              Tmut/Erth      4%         N/A       24%         2
Your spell library was empty.

Dungeon Overview and Level Annotations

Branches:
Dungeon (3/15)

Altars:


Innate Abilities, Weirdness & Mutations

You are immune to sickness and miasma.
You are immune to poison.
Your flesh is very heat resistant. (rF++)
You are vulnerable to cold. (rC-)
You float through the air rather than walking.
You learn spells naturally, not from books.
Your magical power is your life essence.
You have superior vitality. (+4 MHP)


Message History

The foxfire hits the bat.
The bat is severely wounded.
The foxfire hits the bat.
You kill the bat!
Things that are here:
a +0 falchion; a hobgoblin corpse; an orc corpse You see here a rat corpse.
The orc shouts!
Casting: Foxfire (safe; 16% risk of failure)
Confirm with . or Enter, or press ? or * to list all spells.
You conjure some foxfire!
The foxfire hits the orc but does no damage.
The foxfire hits the orc but does no damage.
Casting: Foxfire (safe; 16% risk of failure)
Confirm with . or Enter, or press ? or * to list all spells.
You conjure some foxfire!
The foxfire hits the orc.
The orc is severely wounded.
The foxfire hits the orc but does no damage.
The orc is severely wounded.
Casting: Foxfire (safe; 16% risk of failure)
Confirm with . or Enter, or press ? or * to list all spells.
You conjure some foxfire!
The orc completely misses you.
The foxfire hits the orc but does no damage.
The orc is severely wounded.
The foxfire hits the orc but does no damage.
The orc is severely wounded.
The orc hits you but does no damage. Space warps horribly around you!
Casting: Foxfire (safe; 16% risk of failure)
Confirm with . or Enter, or press ? or * to list all spells.
You miscast Foxfire.
You are very lightly contaminated with residual magic.
Nothing appears to happen.
The orc hits you with a +1 falchion of distortion.
Space warps horribly around you!
* * * LOW HITPOINT WARNING * * *
The orc hits you with a +1 falchion of distortion.
* * * LOW HITPOINT WARNING * * *
Space warps horribly around you!
You die...

#####....# #.
###########...#)...#########.
#..........^.................
#>..#######...#....########..
#.#..# ######..####### #..
##.##.# ##...###.###...###..
#...#.## #.....##'##.....##..
#...#..# #..#.........#..##..
#...##.##
#..@..#####†....##..
#...##..# ##.o.## ##...###..
##.####.## ##.## ##.##....
#.# #..# #.# #.#..... #####.#
##.# ##.# #.#....#
......#####.#.##.# #.#..#.#
..............##.# ##)##.#.#
......####.#.##... ##...###.#
......#
#.#.#.....##+##.....##.#


You could see an orc.

Vanquished Creatures
  Sigmund (D:2)
  Natasha (twice) (D:2)
  An adder (D:2)
  A worm (D:2)
  3 dart slugs
  2 orcs (D:3)
  6 bats
  3 endoplasms
  3 giant cockroaches
  5 goblins
  5 hobgoblins
  2 kobolds
  2 quokkas
  4 ball pythons (D:1)
  6 frilled lizards
  4 rats
50 creatures vanquished.

Vanquished Creatures (others)
  18 foxfires
  4 plants (D:2)
22 creatures vanquished.

Grand Total: 72 creatures vanquished

Notes
Turn   | Place    | Note
-------+----------+-------------------------------------------
     0 | D:1      | voltaire321 the Djinni Gladiator began the quest for the
                  | Orb.
     0 | D:1      | Reached XP level 1. HP: 18/18 MP: 0/0
    89 | D:1      | Reached XP level 2. HP: 19/23 MP: 0/0
   439 | D:1      | Reached XP level 3. HP: 29/29 MP: 0/0
   439 | D:1      | Learned a level 1 spell: Foxfire
  1366 | D:2      | Noticed Natasha
  1369 | D:2      | Killed Natasha
  1370 | D:2      | Reached skill level 1 in Spellcasting
  1370 | D:2      | Reached XP level 4. HP: 33/34 MP: 0/0
  1571 | D:2      | Noticed Sigmund
  1730 | D:2      | Killed Sigmund
  1731 | D:2      | Reached skill level 4 in Dodging
  1731 | D:2      | Reached XP level 5. HP: 4/40 MP: 0/0
  1731 | D:2      | Learned a level 2 spell: Passwall
  1731 | D:2      | Reached XP level 6. HP: 5/46 MP: 0/0
  2536 | D:2      | You are sucked into a shaft and drop 1 floor!
  2697 | D:2      | Noticed Natasha
  2719 | D:2      | Killed Natasha
  3136 | D:3      | Slain by an orc

Illustrated notes

Levels and vault maps discovered:
D:1:      psy_arrival_conway, layout_basic
D:2:      layout_basic, serial_bayou_ford_a, uniq_sigmund, uniq_natasha
D:3:      minmay_octagon_keep, layout_basic, nicolae_qazlal_scattered_showers,
          due_unseen_surprise

Skill      XL: |  1  2  3  4  5  6 |
---------------+-------------------+-----
Long Blades    | 3 |  3.8
Spellcasting   | 1 2 |  2.0
Fighting       | 3 |  3.5
Dodging        | 4 |  4.6
Throwing       | |  1.5

Action                   |  1- 3 |  4- 6 || total
-------------------------+-------+-------++-------
Melee: Long sword        |    73 |    86 ||   159
       Punch             |     1 |       ||     1
 Cast: Foxfire           |     1 |     8 ||     9
 Stab: Sleeping          |     1 |     1 ||     2
Armor: Leather armour    |    26 |    22 ||    48
Dodge: Dodged            |    50 |    67 ||   117

Table legend: (Time is in decaauts)
 A = Elapsed time spent in this place.
 B = Non-inter-level travel time spent in this place.
 C = Inter-level travel time spent in this place.
 D = Time resting spent in this place.
 E = Time spent auto-exploring this place.
 F = Levels seen in this place.
 G = Mean time per level.
                   A        B        C        D        E       F      G
               +--------+--------+--------+--------+--------+-----+--------+
         Total |   3184 |   3132 |     52 |    615 |   1951 |   3 | 1061.3 |
       Dungeon |   3184 |   3132 |     52 |    615 |   1951 |   3 | 1061.3 |
               +--------+--------+--------+--------+--------+-----+--------+

Top non-repeatable levels by time:
     D:2: 1453 daAuts
     D:1: 1398 daAuts
     D:3: 332 daAuts
